Map: Berlingrad LE

Players

Kelazhur

  • Race: Terran Terran
  • League: Master

ShoWTimE - Winner!

  • Race: Protoss Protoss
  • League: Master

VOD

Have the link to the VOD?

Description

Time

  • Played on: Oct. 21, 2021, 8:52 a.m.
  • Length: 14:38
Show
View Real Time Build Order
Export as new Build Order

Kelazhur Terran 

Build Orders: Hellion Opening 

Get SALT Encoding   

  12  0:00  SCV  
  13  0:12  SCV  
  14  0:17  Supply Depot  
  14  0:24  SCV  
  15  0:38  SCV  
  15  0:40  Barracks  
  16  0:43  Refinery  
  16  0:51  SCV  
  17  1:03  SCV  
  18  1:15  SCV  
  19  1:28  Marine, Orbital Command  
  20  1:39  Command Center  
  20  1:51  Factory  
  20  1:54  SCV  
  21  2:03  Barracks Reactor  
  21  2:07  SCV  
  21  2:08  Supply Depot  
  22  2:18  Refinery  
  22  2:19  SCV  
  23  2:31  SCV  
  24  2:41  Starport  
  24  2:43  SCV, Hellion x2  
  29  2:51  Orbital Command  
  29  2:55  SCV  
  30  3:04  Hellion x2  
  34  3:08  SCV  
  34  3:11  Barracks Tech Lab  
  35  3:17  SCV  
  35  3:18  Medivac  
  38  3:23  SCV  
  39  3:29  SCV  
  39  3:30  Hellion  
  39  3:31  Hellion  
  43  3:35  SCV  
  43  3:41  SCV  
  43  3:48  SCV  
  42  3:53  SCV  
  43  4:00  SCV  
  46  4:02  Cyclone  
  46  4:06  Supply Depot  
  46  4:16  Barracks  
  46  4:27  Marine x2, SCV x2  
  46  4:28  Supply Depot  
  50  4:37  Cyclone  
  51  4:40  SCV x2  
  49  4:48  Marine  
  49  4:49  Marine  
  49  4:52  SCV x2  
  49  4:56  Barracks, Engineering Bay  
  49  5:04  Barracks Tech Lab, SCV x2  
  49  5:06  Marine x2  
  53  5:09  Cyclone  
  53  5:12  Bunker  
  53  5:13  Supply Depot  
  56  5:16  SCV x2  
  56  5:18  Starport Reactor  
  56  5:20  Refinery  
  58  5:22  Marine, Stimpack  
  58  5:24  Marine x2  
  58  5:28  SCV  
  62  5:31  Supply Depot  
  62  5:35  SCV  
  63  5:39  Supply Depot  
  63  5:40  SCV  
  64  5:45  Command Center  
  64  5:49  Marine x2  
  65  5:50  Marine, Combat Shield  
  65  5:51  Marine  
  65  5:54  Terran Infantry Weapons Level 1  
  68  6:00  SCV x2  
  69  6:05  Refinery  
  69  6:08  Factory Reactor  
  69  6:09  Medivac x2  
  69  6:10  Marine, Marauder x2  
  78  6:11  Marine  
  78  6:12  SCV x2  
  78  6:18  Supply Depot  
  81  6:25  SCV  
  81  6:28  Marine, Supply Depot  
  81  6:29  Marine  
  81  6:31  Marauder  
  86  6:35  Missile Turret  
  86  6:36  Missile Turret  
  88  6:40  Marauder  
  88  6:41  Medivac x2  
  92  6:47  Supply Depot  
  92  6:53  Marine x2, Marauder  
  96  6:55  Widow Mine  
  100  7:01  Marauder  
  100  7:02  Orbital Command  
  100  7:11  Marine x2  
  100  7:15  Marauder, Medivac x2  
  108  7:16  Widow Mine x2  
  108  7:22  Marauder, SCV x2  
  116  7:29  Orbital Command  
  116  7:34  SCV x2  
  118  7:37  Widow Mine  
  118  7:38  Widow Mine  
  118  7:39  Marine x2  
  124  7:52  Barracks x2  
  124  7:53  Marauder x2  
  124  7:54  Terran Infantry Armor Level 1  
  124  7:57  SCV, Armory  
  129  8:00  SCV  
  129  8:02  Widow Mine  
  132  8:10  Widow Mine  
  132  8:12  Marine  
  133  8:19  Supply Depot x2  
  133  8:21  SCV x2  
  133  8:22  Marauder x2  
  133  8:23  Widow Mine  
  141  8:27  Marine, Supply Depot  
  141  8:29  Supply Depot  
  141  8:31  Missile Turret  
  141  8:33  Marine  
  141  8:41  Widow Mine  
  143  8:43  Barracks Reactor, Barracks Tech Lab  
  143  8:47  SCV x2  
  145  8:49  Medivac, Widow Mine  
  145  8:50  Medivac  
  145  8:54  SCV  
  152  8:58  Refinery  
  152  8:59  SCV x2  
  152  9:02  Widow Mine  
  156  9:04  Marauder x2  
  160  9:10  Marine x2, Marauder  
  164  9:21  Marine  
  164  9:22  Marine  
  164  9:23  Widow Mine  
  164  9:24  Concussive Shells, Widow Mine  
  170  9:25  Marauder  
  170  9:27  Marauder  
  173  9:40  Supply Depot x2  
  173  9:45  Command Center  
  173  9:47  Marine x2, Ghost Academy  
  173  9:48  Terran Infantry Weapons Level 2  
  173  9:49  Refinery  
  173  9:57  Supply Depot  
  173  10:01  Marine x3  
  173  10:02  Marauder x2  
  171  10:08  Marine x2  
  165  10:20  Marauder  
  157  10:23  Marauder x2  
  157  10:25  Marine  
  155  10:34  Marine x2  
  155  10:35  Marine  
  158  10:41  Marauder  
  156  10:42  Marine  
  156  10:45  Marauder x2  
  140  10:51  Marine  
  140  10:52  Marine, Medivac x2, Widow Mine x2  
  140  10:53  Marine  
  151  10:58  Enhanced Shockwaves  
  151  11:00  Marine  
  151  11:03  Barracks x2  
  151  11:04  Barracks  
  138  11:16  Marine  
  138  11:17  SCV x2  
  141  11:22  Medivac x2, SCV  
  141  11:23  Marine x3  
  149  11:28  Missile Turret  
  149  11:29  SCV x2  
  149  11:30  Marine  
  149  11:31  Unknown  
  147  11:32  Sensor Tower  
  141  11:41  Unknown x2  
  141  11:44  SCV  
  146  11:49  Marauder  
  152  11:55  Planetary Fortress, Barracks Reactor, Barracks Tech Lab x2  
  152  11:57  SCV x2  
  152  11:59  Viking x2  
  152  12:04  Terran Infantry Armor Level 2  
  127  12:09  Unknown x2  
  127  12:10  Marauder x2  
  127  12:11  Marine  
  129  12:16  Marine, Marauder x2, Starport  
  120  12:23  Factory Reactor  
  120  12:25  Marauder  
  96  12:30  Marine  
  96  12:31  Marine x2, Marauder  
  96  12:36  Marine x4  
  100  12:37  Marine  
  100  12:44  Marine  
  97  12:46  Marine, Medivac x2  
  97  12:48  Marine  
  97  12:51  Marine  
  104  12:52  Marine, Marauder  
  107  12:59  Viking x2  
  107  13:02  Marine x2, Marauder  
  107  13:04  Marine  
  116  13:10  Marauder  
  114  13:13  Marauder  
  114  13:18  Viking x2  
  114  13:19  Marauder  
  122  13:20  Marine  
  124  13:27  Marine, Marauder  
  124  13:29  Marine x3  
  124  13:30  Marine, Marauder  
  124  13:32  Marauder  
  133  13:39  Viking  
  133  13:40  Viking  
  137  13:48  Viking  
  134  13:56  Marauder  
  134  13:57  Viking  
  134  14:02  Marauder  
  130  14:11  Marauder x2  
  130  14:12  Marine  
Show
View Real Time Build Order
Export as new Build Order

ShoWTimE Protoss - Winner!

Build Orders: 1 Gate Expand, Oracle Opening, Phoenix Opening, Zealot Archon 

Get SALT Encoding   

  12  0:00  Probe  
  13  0:12  Probe  
  14  0:17  Pylon  
  14  0:24  Probe (Chrono Boost)  
  15  0:36  Probe (Chrono Boost)  
  15  0:37  Gateway  
  16  0:45  Probe (Chrono Boost)  
  16  0:46  Assimilator  
  17  0:50  Probe  
  18  1:03  Probe  
  19  1:15  Probe  
  20  1:22  Nexus  
  20  1:31  Cybernetics Core  
  20  1:34  Probe  
  20  1:38  Assimilator  
  21  1:46  Probe  
  22  1:50  Pylon  
  22  1:58  Probe  
  23  2:05  Adept (Chrono Boost)  
  25  2:10  Probe  
  26  2:18  Stargate  
  26  2:22  Probe (Chrono Boost)  
  27  2:25  Adept (Chrono Boost)  
  22  2:30  Warp Gate  
  29  2:34  Probe (Chrono Boost)  
  31  2:40  Probe (Chrono Boost)  
  31  2:43  Probe (Chrono Boost)  
  32  2:47  Probe (Chrono Boost)  
  32  2:48  Adept, Probe (Chrono Boost)  
  36  2:58  Probe  
  36  3:01  Shield Battery, Probe  
  36  3:02  Oracle (Chrono Boost)  
  41  3:10  Pylon  
  41  3:11  Probe  
  42  3:14  Probe  
  42  3:18  Adept  
  45  3:24  Probe  
  46  3:28  Probe  
  47  3:36  Probe  
  47  3:40  Probe  
  48  3:44  Phoenix  
  48  3:48  Probe  
  50  3:51  Gateway  
  50  3:52  Probe  
  51  3:57  Pylon  
  51  4:00  Probe  
  52  4:04  Probe  
  53  4:12  Probe  
  53  4:13  Gateway  
  53  4:15  Phoenix (Chrono Boost)  
  53  4:16  Probe  
  57  4:24  Probe  
  57  4:27  Nexus  
  57  4:28  Probe  
  59  4:36  Probe  
  59  4:37  Phoenix (Chrono Boost)  
  61  4:40  Probe  
  62  4:47  Assimilator  
  62  4:48  Probe, Assimilator  
  62  4:52  Twilight Council, Forge  
  61  4:53  Probe  
  61  4:56  Pylon  
  62  5:03  Protoss Ground Armor Level 1 (Chrono Boost)  
  62  5:12  Pylon  
  62  5:14  Probe x2, Phoenix  
  62  5:18  Gateway x2  
  66  5:23  Gateway  
  66  5:24  Charge (Chrono Boost)  
  66  5:26  Probe x2  
  68  5:31  Gateway  
  68  5:37  Gateway  
  68  5:38  Probe x2  
  68  5:39  Probe  
  71  5:44  Templar Archives  
  71  5:50  Probe x2  
  71  5:51  Probe  
  71  5:54  Sentry x2, Shield Battery  
  78  6:02  Probe  
  78  6:03  Probe  
  78  6:04  Probe  
  81  6:06  Robotics Facility  
  81  6:15  Probe x2  
  83  6:20  Pylon  
  83  6:23  Zealot x4  
  91  6:27  Pylon  
  91  6:28  Zealot  
  93  6:34  Pylon  
  93  6:37  Pylon  
  93  6:38  Pylon  
  93  6:39  Blink, High Templar  
  95  6:40  High Templar  
  95  6:44  Archon  
  95  6:46  Pylon, Zealot x4  
  105  6:55  Protoss Ground Weapons Level 1 (Chrono Boost)  
  105  6:56  Zealot x2  
  109  7:03  Observer  
  110  7:09  Zealot  
  110  7:10  Zealot x3  
  110  7:11  Probe x3  
  110  7:12  Pylon  
  121  7:18  Zealot x3  
  121  7:20  Zealot  
  129  7:26  Phoenix  
  131  7:32  Pylon  
  131  7:35  Zealot x4  
  139  7:39  Pylon, High Templar x2  
  139  7:43  Probe  
  144  7:44  Archon  
  144  7:45  Assimilator  
  144  7:49  Assimilator  
  144  7:50  Zealot x2  
  148  7:54  Pylon  
  148  7:59  Probe x2  
  148  8:00  Warp Prism  
  152  8:12  Zealot x7  
  166  8:13  Psionic Storm  
  166  8:17  Zealot  
  168  8:24  Pylon  
  168  8:25  Probe x3  
  167  8:34  Protoss Ground Weapons Level 2 (Chrono Boost)  
  167  8:35  High Templar x2  
  167  8:37  Probe  
  172  8:48  Pylon  
  172  8:51  High Templar  
  172  8:53  Zealot x3  
  172  8:55  Pylon  
  180  8:59  Pylon  
  180  9:00  Pylon  
  180  9:02  Shield Battery  
  180  9:07  Nexus  
  180  9:11  Zealot x4  
  188  9:18  Stalker  
  188  9:19  Stalker x2  
  189  9:32  Zealot x4  
  198  9:38  Probe x3  
  198  9:44  Robotics Bay  
  196  9:46  Robotics Facility  
  196  9:53  Stalker x2  
  168  10:08  Stalker x6  
  152  10:32  Zealot x8  
  164  10:37  Colossus x2 (Chrono Boost)  
  160  10:53  Probe x3  
  160  10:56  Shield Battery, Stalker x3  
  169  10:58  Shield Battery, Photon Cannon  
  169  11:01  Probe  
  169  11:03  Protoss Ground Armor Level 2  
  170  11:08  Zealot  
  170  11:09  Zealot x4  
  172  11:16  Extended Thermal Lance  
  172  11:18  Probe x3  
  174  11:22  High Templar x2  
  174  11:25  Colossus (Chrono Boost), Zealot  
  179  11:32  Colossus (Chrono Boost)  
  175  11:48  Stalker x6  
  185  11:59  Probe x3, Assimilator  
  188  12:03  Assimilator  
  158  12:10  Warp Prism  
  158  12:13  Zealot x4  
  158  12:14  Zealot x4  
  142  12:31  Archon  
  142  12:35  Stalker x8  
  152  12:42  Disruptor (Chrono Boost)  
  150  12:47  Disruptor (Chrono Boost)  
  156  13:06  Dark Shrine  
  156  13:07  High Templar x3  
  156  13:09  Nexus  
  156  13:11  Archon  
  156  13:12  Archon, Pylon, Zealot x5  
  175  13:22  Disruptor (Chrono Boost)  
  175  13:27  Disruptor (Chrono Boost)  
  178  13:35  Probe x2  
  178  13:40  Zealot x7  
  178  13:41  Zealot  
  196  13:45  Disruptor (Chrono Boost)  
  199  13:52  Disruptor  
  180  14:06  Zealot x8  
  177  14:26  Zealot x5  
  177  14:27  Zealot x2  
Tags
 
Add a new tag
Caveats
  • Supply blocks, unpowered buildings, or Contaminate may cause inaccurate times.
  • Supply counts are checked every 10 seconds.